AoeStats
← 嘉宝叔叔

Arabia

509105074Analyzed
1v1 RM · 8d ago on Sep 25, 2026· 21m 28s· 2 players
Game mode
Random Map
Map size
Tiny (2 player)
Population
200
Speed
Normal
Resources
Standard
Victory
Conquest
Starting age
Dark Age
Ending age
Imperial Age
RankedLock teamsTeams togetherTeam positionsShared explorationLock speedFull tech treeHidden civsTurbo modeCheats
Victory
Defeat
🇨🇳 Britons · China
1286
+41
🇻🇳 Varangians · Vietnam
1306
-17
嘉宝叔叔
6:50 Loom
9:20 Feudal Age
10:27 Double-Bit Axe
12:10 Town Watch
12:41 Horse Collar
17:12 Fletching
20:46 Castle Age
19:30 Gold Mining
21:23 Bodkin Arrow
20:49 Crossbowman
Cheese Burgurs
7:39 Loom
10:11 Feudal Age
10:41 Double-Bit Axe
15:01 Bloodlines
17:05 Fletching
17:15 Horse Collar
23:05 Castle Age
Connection lost

Rejoining the realm…

Still unreachable

The connection could not be restored.

Session expired

The server has moved on; the page needs a fresh start.